 Dungeon Crawl Stone Soup version 0.29.1-12-g30fa7ad0bf (webtiles) character file.

Game seed: 13367493432527451544

3 stormannn the Caller (level 1, 0/13 HPs)
             Began as a Mummy Summoner on Dec 30, 2022.
             Slain by a jackal (2 damage)
             ... on level 1 of the Dungeon.
             The game lasted 00:02:35 (232 turns).

stormannn the Caller (Mummy Summoner)                Turns: 232, Time: 00:02:36

Health: 0/13       AC:  2    Str: 11    XL:     1   Next: 41%
Magic:  0/4        EV: 12    Int: 14    God:
Gold:   9          SH:  0    Dex: 12    Spells: 4/5 levels left

rFire   x . .      SeeInvis .   (no weapon)
rCold   + . .      Faith    .   (no shield)
rNeg    + + +      Spirit   .   a - +0 robe
rPois   ∞          Reflect  .   (no helmet)
rElec   .          Harm     .   (no cloak)
rCorr   .          Rampage  .   (no gloves)
Will    .....                   (no boots)
Stlth   ++........              (no amulet)
HPRegen 0.04/turn               (no ring)
MPRegen 0.09/turn               (no ring)

@: no status effects
A: cold resistance 1, negative energy resistance 3, torment resistance 2, heat
vulnerability 1, no potions
a: no special abilities


You were on level 1 of the Dungeon.
You visited 1 branch of the dungeon, and saw 1 of its levels.

You collected 9 gold pieces.

Inventory:

Armour
 a - a +0 robe (worn)


   Skills:
 - Level 1.5 Dodging
 - Level 1.5 Stealth
 + Level 2.8 Spellcasting
 * Level 3.3 Summonings


You had 4 spell levels left.
You knew the following spells:

 Your Spells              Type           Power      Damage    Failure   Level
a - Summon Small Mammal   Summ           44%        N/A       5%          1

Your spell library contained the following spells:

 Spells                   Type           Power      Damage    Failure   Level
 Call Imp                 Summ           11%        N/A       9%          2
 Call Canine Familiar     Summ           11%        N/A       16%         3
 Summon Guardian Golem    Hex/Summ       6%         N/A       32%         3
 Ozocubu's Armour         Ice            1%         N/A       54%         3
 Summon Lightning Spire   Summ/Air       6%         N/A       73%         4
 Metabolic Englaciation   Hex/Ice        0%         N/A       99%         5
 Simulacrum               Ice/Necr       0%         N/A       100%        6


Dungeon Overview and Level Annotations

Branches:
Dungeon (1/15)

Altars:


Innate Abilities, Weirdness & Mutations

You are immune to poison.
Your flesh is cold resistant. (rC+)
You are immune to negative energy. (rN+++)
You are immune to unholy pain and torment.
You are vulnerable to heat. (rF-)
You do not drink.


Message History

You aren't carrying any items that you can evoke.
Unknown command.
The jackal attacks as you move away!
The jackal bites you but does no damage.
Casting: Summon Small Mammal (safe; 5% risk of failure)
Confirm with . or Enter, or press ? or * to list all spells.
The jackal attacks as you move away!
The jackal bites you but does no damage.
Your bat hits the jackal but does no damage.
The jackal bites your bat. The jackal closely misses you.
Your bat barely misses the jackal.
Your bat hits the jackal but does no damage.
The jackal attacks as you move away! The jackal closely misses you.
Your bat misses the jackal. Something barely misses your bat. x2
Your bat hits the jackal but does no damage.
The jackal bites you.
Your bat barely misses the jackal.
The jackal bites you.
Your bat barely misses the jackal.
Your bat hits the jackal but does no damage.
The jackal bites your bat.
Your bat dies!
Your bat's corpse disappears in a puff of smoke!
The jackal misses you. The jackal attacks as you move away!
The jackal bites you.
* * * LOW HITPOINT WARNING * * *
The jackal attacks as you move away! The jackal barely misses you.
The jackal attacks as you move away! The jackal misses you.
Casting: Summon Small Mammal (safe; 5% risk of failure)
Confirm with . or Enter, or press ? or * to list all spells.
The jackal barely misses you. The jackal misses you.
The jackal barely misses you.
Your rat barely misses the jackal.
The jackal bites you but does no damage.
Your rat bites the jackal.
The jackal bites something but does no damage.
The jackal stops to sniff the ground.
The jackal attacks as you move away! The jackal bites you.
* * * LOW HITPOINT WARNING * * *
The jackal attacks as you move away! The jackal bites you.
You die...

.....# #..############
#........hh...#
.#######..†#########.#
..S...#...hh..h.# #.#
#.##..r####.# #.#
#.###..# #h## #.#
##.###..# #.h# #.#
.###...##..# ##@# #h#
>.h..†.....# #.# #h#
.###...##..# #.# #.#
##.##...# #.###.# ##
####.### ###.....#
..####...####....####
....#..~.h#.....##
..~....~..h.~..8#
...~..~~~..~...##


You could see 3 jackals.

Vanquished Creatures (collateral kills)
  A bat (D:1)
  An endoplasm (D:1)
  A ball python (D:1)
3 creatures vanquished.

Notes
Turn   | Place    | Note
-------+----------+-------------------------------------------
     0 | D:1      | stormannn the Mummy Summoner began the quest for the Orb.
     0 | D:1      | Reached XP level 1. HP: 13/13 MP: 4/4
   232 | D:1      | Slain by a jackal

Illustrated notes

Levels and vault maps discovered:
D:1:      eino_arrival_water_star, layout_loops_ring, grunt_decor_clamped,
          minmay_misc_feat_five

Action                   || total
-------------------------++-------
Melee: Unarmed           ||     7
 Cast: Summon Small Mamm ||    16
Armor: Robe              ||    10
Dodge: Dodged            ||    20
